 Dungeon Crawl Stone Soup version 0.24-a0-789-g35933f4585 (webtiles) character file.

Game seed: 5050157155403695521, levelgen mode: deterministic

1648 Johnny the Digger (level 8, 0/66 HPs)
             Began as a Demigod Earth Elementalist on Oct 10, 2019.
             Slain by Duvessa
             ... wielding a +0 short sword
              (8 damage)
             ... on level 6 of the Dungeon.
             The game lasted 00:07:20 (8224 turns).

Johnny the Digger (Demigod Earth Elementalist)      Turns: 8224, Time: 00:07:21

Health: 0/66       AC:  7    Str: 16    XL:     8   Next: 40%
Magic:  4/18       EV: 15    Int: 28    God:
Gold:   296        SH:  0    Dex: 20    Spells: 14/15 levels left

rFire    . . .     SeeInvis .   v - +1 hand axe (venom)
rCold    . . .     Gourm    .   (no shield)
rNeg     . . .     Faith    .   c - +0 robe
rPois    .         Spirit   .   s - +0 helmet
rElec    .         Reflect  .   (no cloak)
rCorr    .         Harm     .   t - +0 pair of gloves
MR       .....                  y - +2 pair of boots
Stlth    ++........             (no amulet)
HPRegen  0.21/turn              E - +4 ring of dexterity
MPRegen  0.16/turn              (no ring)

@: mighty, brilliant
A: high mp 1
a: no special abilities


You were on level 6 of the Dungeon.
You were not hungry.

You visited 1 branch of the dungeon, and saw 6 of its levels.
You also visited: Ossuary.

You collected 296 gold pieces.

Inventory:

Hand Weapons
 o - a +0 dagger of electrocution
 q - a +3 trident
 v - a +1 hand axe of venom (weapon)
Missiles
 b - 96 stones (quivered)
Armour
 c - a +0 robe (worn)
 s - a +0 helmet (worn)
 t - a +0 pair of gloves (worn)
 y - a +2 pair of boots (worn)
Jewellery
 E - a +4 ring of dexterity (left hand)
Wands
 k - a wand of flame (21)
Scrolls
 a - 3 scrolls of identify
 e - 5 scrolls of remove curse
 g - 4 scrolls of immolation
 h - 3 scrolls of blinking {unknown}
 i - 4 scrolls of teleportation
 j - a scroll of enchant armour
 n - 3 scrolls of amnesia {unknown}
 p - a scroll of enchant weapon {unknown}
 r - 2 scrolls of noise {unknown}
 A - a scroll of magic mapping {unknown}
 D - a scroll of summoning {unknown}
Potions
 l - a potion of flight
 u - a potion of cancellation {unknown}
 w - a potion of brilliance
 x - a potion of berserk rage {unknown}
 z - a potion of haste {unknown}
 B - 2 potions of mutation {unknown}
 C - a potion of degeneration {unknown}
Comestibles
 d - 7 rations


   Skills:
 + Level 4.3 Fighting
 + Level 4.7 Dodging
 - Level 1.7 Stealth
 + Level 4.3 Spellcasting
   Level 0.8 Transmutations
 * Level 7.0 Earth Magic


You had 14 spell levels left.
You knew the following spells:

 Your Spells              Type           Power        Failure   Level  Hunger
a - Sandblast             Erth           ######       1%          1    None

Your spell library contained the following spells:

 Spells                   Type           Power        Failure   Level  Hunger
 Summon Small Mammal      Summ           ###.         1%          1    None
 Call Imp                 Summ           ###.....     1%          2    None
 Passwall                 Tmut/Erth      #####...     1%          2    None
 Stone Arrow              Conj/Erth      #####.       1%          3    ##.....
 Petrify                  Tmut/Erth      #####...     1%          4    ####...
 Lee's Rapid Deconstruct  Erth           ######....   1%          5    #####..
 Call Canine Familiar     Summ           ###.....     2%          3    ##.....
 Summon Guardian Golem    Hex/Summ       ###.....     2%          3    ##.....
 Summon Ice Beast         Ice/Summ       ###.....     8%          4    ####...
 Summon Lightning Spire   Summ/Air       ###.....     8%          4    ####...


Dungeon Overview and Level Annotations

Branches:
Dungeon (6/15)             Temple (0/1) D:4         Ossuary (visited)

Shops:
D:5 %

Annotations:
D:6 Duvessa


Innate Abilities, Weirdness & Mutations

You have an increased reservoir of magic. (+10% MP)


Message History

Unknown command.
Unknown command.
It was a potion of brilliance.
You feel clever all of a sudden. Duvessa closely misses you.
It was a potion of curing.
You feel better. Duvessa barely misses you. Duvessa misses you.
Duvessa hits you but does no damage. Duvessa hits you with a +0 short sword!
* * * LOW HITPOINT WARNING * * *
Found a stone staircase leading up.
Duvessa hits you with a +0 short sword!
* * * LOW HITPOINT WARNING * * *
You feel better. Duvessa hits you with a +0 short sword.
* * * LOW HITPOINT WARNING * * *
Duvessa completely misses you. Duvessa barely misses you.
Duvessa closely misses you. Duvessa hits you with a +0 short sword!
You die...

##........##.# ....
##............# .#....
###............###......
#.......<......#.... ...
#.#...............# ..
..................## .##
?..................##..#
.......@e...............
##......z..........#.##.
..................##)#
<..........##........#
.........=..###...).#...
.................##.##..
....................)#
..
................?...#...
.....(................#


You could see Duvessa (berserk) and a wight.

Vanquished Creatures
  An ice beast (D:6)
  A phantom (D:2)
  An ogre (D:4)
  A scorpion (D:6)
  Dowan (D:6)
  4 wights (D:6)
  4 howler monkeys
  2 crimson imps (D:5)
  4 orc priests
  4 orc wizards
  An iguana (D:5)
  6 worker ants
  9 big kobold zombies (Ossuary)
  A hound skeleton (D:5)
  A mummy (Ossuary)
  3 gnolls (D:5)
  8 adders
  2 shadow imps (D:6)
  An adder skeleton (D:6)
  4 worms
  3 dart slugs
  5 leopard geckos
  10 orcs
  3 spectral bats (Ossuary)
  2 ball pythons
  6 giant cockroaches
  11 goblins
  12 hobgoblins
  4 jackals (D:4)
  3 quokkas (D:2)
  6 bats
  5 bat simulacra (Ossuary)
  6 frilled lizards
  3 gnoll zombies (Ossuary)
  2 goblin simulacra (Ossuary)
  5 goblin zombies (Ossuary)
  5 hobgoblin zombies (Ossuary)
  9 kobolds
  6 kobold simulacra (Ossuary)
  4 kobold zombies (Ossuary)
  4 orc zombies (Ossuary)
  2 quokka skeletons
  10 rats
  4 rat simulacra (Ossuary)
  3 spectral goblins (Ossuary)
  2 spectral kobolds (Ossuary)
  4 spectral rats (Ossuary)
198 creatures vanquished.

Vanquished Creatures (others)
  An orc wizard (D:5)
1 creature vanquished.

Grand Total: 199 creatures vanquished

Notes
Turn   | Place    | Note
-------+----------+-------------------------------------------
     0 | D:1      | Johnny the Demigod Earth Elementalist began the quest for
                  | the Orb.
     0 | D:1      | Reached XP level 1. HP: 14/14 MP: 5/5
   525 | D:1      | Reached XP level 2. HP: 16/22 MP: 7/7
   566 | D:1      | Reached skill level 3 in Earth Magic
  1760 | D:1      | Reached skill level 1 in Fighting
  1967 | D:2      | Reached XP level 3. HP: 28/28 MP: 8/8
  2036 | D:2      | Noticed a phantom
  2061 | D:2      | Killed a phantom
  2061 | D:2      | Reached XP level 4. HP: 29/36 MP: 1/10
  2694 | D:2      | Reached skill level 4 in Earth Magic
  2694 | D:2      | Reached XP level 5. HP: 32/41 MP: 9/11
  5075 | D:4      | Noticed an ogre
  5082 | D:4      | Killed an ogre
  5082 | D:4      | Reached XP level 6. HP: 50/50 MP: 9/13
  5161 | D:4      | Found a staircase to the Ecumenical Temple.
  5546 | D:4      | Reached skill level 5 in Earth Magic
  6218 | D:5      | Entered Level 5 of the Dungeon
  6218 | D:5      | Found an ancient bone altar of Kikubaaqudgha.
  6218 | D:5      | Found a shattered altar of Ashenzari.
  6218 | D:5      | Found a bloodstained altar of Trog.
  6218 | D:5      | Found a hide-covered altar of Uskayaw.
  6218 | D:5      | Found a white marble altar of Elyvilon.
  6218 | D:5      | Found a burning altar of Makhleb.
  6243 | D:5      | Found a shadowy altar of Dithmenos.
  6339 | D:5      | Found a sand-covered staircase.
  6380 | Ossuary  | Entered an ossuary
  6476 | Ossuary  | Reached XP level 7. HP: 50/56 MP: 13/15
  7113 | D:5      | Reached skill level 6 in Earth Magic
  7340 | D:5      | Found Fopamaf's Food Shoppe.
  7584 | D:5      | Reached XP level 8. HP: 66/66 MP: 17/17
  8152 | D:6      | Noticed Duvessa
  8152 | D:6      | Noticed Dowan
  8205 | D:6      | Killed Dowan
  8205 | D:6      | Reached skill level 7 in Earth Magic
  8216 | D:6      | HP: 1/66 [Duvessa/+0 short sword (8)]
  8224 | D:6      | Slain by Duvessa

Levels and vault maps discovered:
D:1:      minmay_arrival_shattered_statue, layout_basic
D:2:      layout_basic, first_ration
D:3:      minmay_general_purpose_star, layout_basic
D:4:      layout_gridville, minmay_temple_entry_purple_smoke
D:5:      layout_layer_cave, grunt_temple_overflow_open, enter_ossuary_1,
          serial_shops, shop_fountains
D:6:      layout_cave_pools, columned_hall_lemuel, uniq_duvessa

Skill      XL: |  1  2  3  4  5  6  7  8 |
---------------+-------------------------+-----
Dodging        | 2 3 4 |  4.7
Earth Magic    | 3 4 5 6 7 |  7.0
Spellcasting   | 2 3 4 |  4.3
Fighting       | 1 2 3 4 |  4.3
Stealth        | |  1.7
Transmutations | |  0.8

Action                   |  1- 3 |  4- 6 |  7- 9 || total
-------------------------+-------+-------+-------++-------
Melee: Short sword       |    93 |    25 |       ||   118
       Unarmed           |     2 |       |       ||     2
       Dagger            |       |   141 |       ||   141
       Trident           |       |    93 |   149 ||   242
       Hand axe          |       |    11 |    77 ||    88
 Cast: Sandblast         |    29 |    54 |    36 ||   119
Evoke: Wand              |     3 |     1 |       ||     4
  Use: Scroll            |       |     7 |       ||     7
       Potion            |       |       |     4 ||     4
 Stab: Sleeping          |     8 |     9 |    12 ||    29
  Eat: Chunk             |     3 |    15 |     1 ||    19
       Ration            |       |       |     2 ||     2
Armor: Robe              |    14 |    52 |    71 ||   137
Dodge: Dodged            |    78 |   209 |   195 ||   482

Table legend:
 A = Non-vault XP
 B = Vault XP
 C = Vault XP percentage of total XP
 D = Non-vault monster count
 E = Vault monster count
 F = Vault count percentage of total count
                 A         B        C        D         E       F
            +---------+---------+-------+---------+---------+-------
      Total |    1977 |     378 |  16.1 |     137 |      62 |  31.2
            +---------+---------+-------+---------+---------+-------
        D:1 |      46 |       0 |   0.0 |      29 |       0 |   0.0
        D:2 |     195 |       0 |   0.0 |      23 |       0 |   0.0
        D:3 |      88 |       1 |   1.1 |      26 |       1 |   3.7
        D:4 |     442 |       0 |   0.0 |      23 |       0 |   0.0
        D:5 |     618 |       0 |   0.0 |      23 |       0 |   0.0
        D:6 |     588 |      69 |  10.5 |      13 |       1 |   7.1
    Ossuary |       0 |     308 | 100.0 |       0 |      60 | 100.0
            +---------+---------+-------+---------+---------+-------
